 Dungeon Crawl Stone Soup version 0.25-a0-263-g9d16a9d099 (webtiles) character file.

Game seed: 16445613431667472962, levelgen mode: deterministic

21 RedPan the Ruffian (level 2, 0/29 HPs)
             Began as an Ogre Transmuter on Dec 7, 2019.
             Slain by a goblin (4 damage)
             ... on level 2 of the Dungeon.
             The game lasted 00:01:32 (731 turns).

RedPan the Ruffian (Ogre Transmuter)                 Turns: 731, Time: 00:01:33

Health: 0/29       AC:  3    Str: 13    XL:     2   Next: 83%
Magic:  4/5        EV: 10    Int: 14    God:
Gold:   21         SH:  0    Dex:  9    Spells: 4/5 levels left

rFire    . . .     SeeInvis .     - Unarmed
rCold    . . .     Gourm    .   (no shield)
rNeg     . . .     Faith    .   b - +0 robe
rPois    .         Spirit   .   (helmet restricted)
rElec    .         Reflect  .   (no cloak)
rCorr    .         Harm     .   (gloves unavailable)
MR       .....                  (boots unavailable)
Stlth    +.........             (no amulet)
HPRegen  0.09/turn              (no ring)
MPRegen  0.09/turn              (no ring)

@: appendage (expiring), very slightly contaminated
A: large, unfitting armour, talons 3, tough skin 1
a: End Transformation


You were on level 2 of the Dungeon.
You were not hungry.
You had grown temporary talons.
You visited 1 branch of the dungeon, and saw 2 of its levels.

You collected 21 gold pieces.

Inventory:

Missiles
 a - 20 arrows
Armour
 b - a +0 robe (worn)
Scrolls
 e - a scroll of fog
Potions
 c - a potion of curing
 f - a potion of agility {unknown}
 h - a potion of haste {unknown}
Comestibles
 d - 2 rations
 g - 2 chunks of flesh


   Skills:
 + Level 2.7 Fighting
 - Level 1.7 Dodging
 + Level 3.2 Unarmed Combat
 - Level 2.4 Spellcasting
 - Level 1.7 Transmutations


You had 4 spell levels left.
You knew the following spells:

 Your Spells              Type           Power        Failure   Level  Hunger
a - Beastly Appendage     Tmut           #.....       11%         1    #......

Your spell library contained the following spells:

 Spells                   Type           Power        Failure   Level  Hunger
 Sticks to Snakes         Tmut           #.......     17%         2    ###....
 Spider Form              Tmut/Pois      #.........   43%         3    ###....
 Ice Form                 Ice/Tmut       #.......     85%         4    #####..
 Blade Hands              Tmut           #.........   97%         5    ######.


Dungeon Overview and Level Annotations

Branches:
Dungeon (2/15)

Altars:


Innate Abilities, Weirdness & Mutations

You are too large for most types of armour.
You have tough skin. (AC +1)
You have claws for feet.


Message History

The goblin unwields a +0 hunting sling.
The goblin closely misses you. The dart slug closely misses you.
The goblin shoots a stone.
The stone hits you.
You hit the dart slug.
The dart slug is heavily wounded.
The goblin closely misses you. The dart slug launches a dart at you.
The slug dart hits you.
* * * LOW HITPOINT WARNING * * *
You hit the dart slug. You claw the dart slug.
You kill the dart slug!
Your transformation is almost over.
The goblin shoots a stone.
The stone hits you.
* * * LOW HITPOINT WARNING * * *
The goblin barely misses you.
You completely miss the goblin. The goblin barely misses you.
You hit the goblin.
The goblin is severely wounded.
The goblin hits you.
You die...

####.........##♣.♣
......(......'.♣.♣
###..........##..#
#.#.##....÷....# .
#.#.#######....#
..
#..............#
...
..#.######.....#
.... ..#.# #.....#
..... #####.#
#....@#....#
......#
#...g(..g..+
#######
.........#...[#
##.#.......#....
#.#.....### ### #
#...... #.#+#..#
#. #..# #. #...


You could see 2 goblins.

Vanquished Creatures
  2 dart slugs (D:2)
  A hobgoblin (D:1)
  2 kobolds
  4 bats
  2 frilled lizards (D:1)
  4 goblins (D:1)
  4 rats
19 creatures vanquished.

Notes
Turn   | Place    | Note
-------+----------+-------------------------------------------
     0 | D:1      | RedPan the Ogre Transmuter began the quest for the Orb.
     0 | D:1      | Reached XP level 1. HP: 19/19 MP: 3/3
   101 | D:1      | Reached XP level 2. HP: 23/28 MP: 3/5
   108 | D:1      | Reached skill level 3 in Unarmed Combat
   731 | D:2      | Slain by a goblin

Levels and vault maps discovered:
D:1:      minmay_arrival_four_circles, layout_rooms, hangedman_decor_lopped,
          kennysheep_minor_cross, minmay_misc_feat_columns
D:2:      layout_basic, first_ration, chequers_ecumenical_altar_simple_redux,
          serial_forest, infiniplex_forest_diagonal,
          infiniplex_forest_straight_2, infiniplex_forest_end_1,
          infiniplex_forest_clump_tiny, infiniplex_forest_straight_2,
          infiniplex_forest_clump_tiny, lexackson_kobold_supper

Skill      XL: |  1  2 |
---------------+-------+-----
Fighting       | 2 |  2.7
Unarmed Combat | 3 |  3.2
Dodging        | |  1.7
Spellcasting   | |  2.4
Transmutations | |  1.7

Action                   || total
-------------------------++-------
Melee: Unarmed           ||    55
       Kick              ||     7
       Headbutt          ||     1
 Cast: Beastly Appendage ||    15
  Use: Scroll            ||     1
       Potion            ||     1
Armor: Robe              ||    30
Dodge: Dodged            ||    39

Table legend:
 A = Non-vault XP
 B = Vault XP
 C = Vault XP percentage of total XP
 D = Non-vault monster count
 E = Vault monster count
 F = Vault count percentage of total count
                 A         B        C        D         E       F
            +---------+---------+-------+---------+---------+-------
      Total |      30 |       0 |   0.0 |      19 |       0 |   0.0
            +---------+---------+-------+---------+---------+-------
        D:1 |      19 |       0 |   0.0 |      14 |       0 |   0.0
        D:2 |      11 |       0 |   0.0 |       5 |       0 |   0.0
            +---------+---------+-------+---------+---------+-------
